Map: Inside and Out

Players

IllIIIllllII - Winner!

  • Race: Protoss Protoss
  • League: Diamond
  • Spawn Location: 1:00

krwawyzenon

  • Race: Protoss Protoss
  • League: Diamond
  • Spawn Location: 7:00

VOD

Have the link to the VOD?

Description

Time

  • Played on: Dec. 14, 2022, 2:24 p.m.
  • Length: 15:47
Show
View Real Time Build Order
Export as new Build Order

IllIIIllllII Protoss - Winner!

Build Orders: Cannon Rush 

Get SALT Encoding   

  12  0:01  Probe  
  13  0:13  Probe  
  14  0:18  Pylon  
  14  0:25  Probe  
  15  0:37  Forge  
  15  0:43  Probe  
  16  0:55  Probe  
  17  0:59  Pylon  
  17  1:05  Pylon  
  17  1:18  Photon Cannon  
  16  1:26  Gateway  
  16  1:30  Photon Cannon  
  16  1:36  Photon Cannon  
  16  1:45  Pylon  
  16  1:47  Probe  
  17  1:59  Probe  
  17  2:00  Assimilator  
  18  2:05  Gateway  
  18  2:11  Photon Cannon  
  18  2:15  Probe (Chrono Boost)  
  19  2:25  Probe (Chrono Boost)  
  20  2:30  Probe (Chrono Boost)  
  20  2:36  Photon Cannon  
  21  2:38  Pylon  
  21  2:50  Zealot (Chrono Boost)  
  23  3:04  Photon Cannon  
  23  3:09  Zealot  
  25  3:14  Cybernetics Core  
  25  3:26  Probe  
  26  3:28  Pylon  
  26  3:55  Stalker (Chrono Boost)  
  26  3:58  Shield Battery  
  26  4:02  Shield Battery  
  28  4:13  Probe  
  28  4:16  Stalker (Chrono Boost)  
  31  4:44  Nexus  
  31  4:45  Stalker (Chrono Boost)  
  33  5:07  Stalker (Chrono Boost)  
  35  5:35  Stalker  
  35  5:38  Pylon  
  37  5:45  Gateway  
  37  5:46  Gateway  
  37  5:47  Warp Gate  
  37  6:02  Shield Battery  
  37  6:03  Photon Cannon  
  37  6:05  Stalker  
  37  6:11  Shield Battery  
  39  6:15  Photon Cannon  
  39  6:21  Probe, Pylon  
  40  6:35  Stalker  
  42  6:48  Shield Battery  
  40  7:01  Photon Cannon  
  40  7:05  Stalker  
  40  7:07  Shield Battery  
  44  7:27  Probe  
  43  7:37  Stalker  
  43  7:39  Probe  
  43  7:41  Shield Battery  
  46  7:51  Probe  
  45  7:59  Assimilator, Twilight Council  
  45  8:01  Assimilator  
  45  8:03  Probe  
  46  8:15  Probe  
  45  8:26  Stalker x3  
  51  8:27  Probe  
  52  8:34  Probe  
  52  8:39  Probe  
  50  9:02  Stalker x3  
  54  9:03  Probe  
  55  9:12  Stargate  
  55  9:15  Probe  
  56  9:20  Blink (Chrono Boost)  
  56  9:27  Probe  
  57  9:37  Cybernetics Core  
  57  9:39  Probe  
  57  9:45  Stalker x3  
  62  9:51  Probe  
  65  10:10  Phoenix  
  65  10:12  Probe  
  68  10:24  Probe, Stalker  
  71  10:37  Probe  
  71  10:42  Stargate  
  72  10:49  Probe, Stargate  
  73  10:56  Stalker x2  
  77  11:53  Pylon  
  77  11:55  Pylon  
  77  11:59  Nexus  
  77  12:10  Phoenix x3  
  77  12:15  Pylon  
  83  12:16  Pylon  
  83  12:18  Pylon  
  83  12:19  Pylon  
  83  12:35  Phoenix x3  
  89  13:00  Phoenix x3  
  95  13:09  Pylon  
  95  13:10  Pylon  
  95  13:11  Pylon  
  95  13:12  Pylon  
  95  13:22  Assimilator  
  95  13:25  Phoenix  
  97  13:27  Assimilator  
  97  13:29  Phoenix x2  
  101  13:50  Phoenix  
  103  14:00  Shield Battery  
  103  14:05  Phoenix  
  105  14:10  Phoenix  
  107  14:27  Pylon  
  107  14:28  Phoenix  
  109  14:38  Probe x2  
  111  14:50  Probe  
  111  14:51  Probe  
  113  15:00  Nexus  
  113  15:01  Pylon  
  113  15:03  Probe x2  
  113  15:15  Probe x2  
Show
View Real Time Build Order
Export as new Build Order

krwawyzenon Protoss 

Build Orders:  

Get SALT Encoding   

  12  0:00  Probe  
  13  0:15  Pylon  
  13  0:16  Probe  
  14  0:31  Probe (Chrono Boost)  
  15  0:35  Gateway  
  16  0:43  Probe (Chrono Boost)  
  16  0:47  Assimilator  
  16  0:48  Probe (Chrono Boost)  
  17  0:55  Assimilator  
  17  1:03  Probe  
  18  1:25  Probe  
  18  1:37  Probe  
  19  1:43  Assimilator  
  19  1:49  Probe  
  20  2:01  Probe  
  21  2:10  Nexus  
  21  2:12  Pylon  
  21  2:13  Probe  
  22  2:23  Assimilator  
  22  2:26  Assimilator  
  22  2:30  Probe, Gateway  
  23  2:37  Gateway  
  23  2:40  Forge  
  23  2:55  Pylon  
  23  3:13  Probe  
  23  3:17  Photon Cannon  
  23  3:18  Cybernetics Core  
  23  3:22  Probe  
  14  3:41  Nexus  
  12  3:55  Probe (Chrono Boost)  
  11  4:07  Probe (Chrono Boost)  
  12  4:12  Probe (Chrono Boost)  
  13  4:26  Stargate  
  13  4:34  Adept (Chrono Boost)  
  13  4:38  Probe (Chrono Boost)  
  16  4:47  Probe (Chrono Boost)  
  16  4:52  Probe (Chrono Boost)  
  17  4:54  Shield Battery  
  18  5:04  Probe  
  18  5:06  Adept (Chrono Boost)  
  25  5:36  Void Ray (Chrono Boost)  
  25  5:42  Stalker  
  27  5:51  Probe  
  28  6:03  Probe  
  29  6:06  Pylon  
  29  6:15  Probe  
  30  6:21  Warp Gate  
  34  6:27  Probe  
  34  6:30  Void Ray  
  31  6:51  Stalker  
  33  7:00  Photon Cannon  
  37  7:28  Void Ray  
  37  7:34  Stalker  
  39  7:40  Nexus  
  39  8:00  Pylon  
  37  8:26  Cybernetics Core  
  37  8:37  Probe  
  37  8:49  Probe  
  38  9:03  Shield Battery  
  38  9:06  Photon Cannon  
  38  9:12  Pylon  
  42  9:36  Void Ray  
  42  9:40  Probe  
  42  9:45  Protoss Air Weapons Level 1  
  43  9:54  Nexus  
  43  10:08  Fleet Beacon  
  43  10:11  Pylon  
  43  10:27  Stargate  
  43  10:30  Pylon  
  43  10:35  Assimilator  
  43  10:37  Assimilator  
  43  10:49  Tempest (Chrono Boost)  
  43  10:55  Protoss Ground Weapons Level 1  
  48  11:10  Probe  
  41  11:22  Probe  
  41  11:23  Tempest  
  39  11:34  Probe  
  40  11:40  Tempest  
  40  11:43  Stalker  
  40  11:46  Probe (Chrono Boost)  
  48  11:58  Probe (Chrono Boost)  
  49  12:03  Probe (Chrono Boost)  
  50  12:09  Stalker  
  50  12:12  Probe  
  45  12:32  Tempest  
  50  13:04  Tempest  
  55  13:26  Nexus  
  55  13:30  Pylon  
  55  13:47  Tempest  
  60  14:01  Stalker  
  62  14:34  Pylon  
  62  14:37  Pylon  
  62  14:55  Tempest  
Tags
 
Add a new tag
Caveats
  • Supply blocks, unpowered buildings, or Contaminate may cause inaccurate times.
  • Supply counts are checked every 10 seconds.